 Dungeon Crawl Stone Soup version 0.16-a0-223-g37887f7 (webtiles) character file.

2200 HiobMontag the Ducker (level 9, 0/43 HPs)
             Began as a Spriggan Artificer on Aug 19, 2014.
             Was a Follower of Qazlal.
             Slain by a slave (9 damage)
             ... led by Pikel
             ... on Level 6 of the Dungeon.
             The game lasted 01:09:04 (11205 turns).

HiobMontag the Ducker (Spriggan Artificer)         Turns: 11205, Time: 01:09:04

HP   0/43        AC  3     Str  9      XL: 9   Next: 12%
MP  23/23        EV 23     Int 14      God: Qazlal [*.....]
Gold 245         SH  1     Dex 17      Spells:  0 memorised,  8 levels left

rFire  . . .     SeeInvis +     a - +4 quarterstaff (chaos)
rCold  . . .     Clarity  +     e - +0 robe
rNeg   . . .     rCorr    .     (shield restricted)
rPois  .         rRot     .     (helmet restricted)
rElec  .         Spirit   .     o - +0 cloak
SustAb .         Warding  .     (gloves unavailable)
rMut   .         Stasis   .     (boots unavailable)
Gourm  .                        k - amulet of clarity
MR     +....                    (no ring)
                                (no ring)

@: very quick, somewhat resistant to hostile enchantments, fairly stealthy
A: unfitting armour, see invisible, herbivore 3, speed 3, slow metabolism 2
a: Renounce Religion


You were on level 6 of the Dungeon.
You worshipped Qazlal.
Qazlal was aware of your devotion.
You were very hungry.

You visited 2 branches of the dungeon, and saw 7 of its levels.

You collected 245 gold pieces.

Inventory:

Hand weapons
 a - a +4 quarterstaff of chaos (weapon)
 b - a +0 arbalest
 j - a +0 short sword
 s - a +0 dagger
Missiles
 g - 25 sling bullets
 m - 11 bolts
 t - a tomahawk (quivered)
 u - 21 stones
Armour
 e - a +0 robe (worn)
 o - a +0 cloak (worn)
Magical devices
 c - a wand of enslavement (5)
 d - a wand of random effects (16)
 q - a wand of flame (1)
Comestibles
 n - 2 fruits
 r - a bread ration
Scrolls
 h - 5 scrolls of identify
 p - a scroll of blinking
 v - a scroll of remove curse
Jewellery
 k - an amulet of clarity (around neck)
 z - an uncursed amulet of the gourmand {unknown}
Potions
 f - a potion of porridge
 i - a potion of agility
 l - 2 potions of flight
 w - 2 potions of curing
 x - a potion of resistance


   Skills:
 + Level 2.7 Fighting
 + Level 2.7 Short Blades
 + Level 2.1 Staves
 + Level 4.2 Crossbows
 + Level 6.9 Throwing
 + Level 7.9 Dodging
 + Level 5.7 Stealth
 + Level 7.0 Evocations


You had 8 spell levels left.
You didn't know any spells.

Dungeon Overview and Level Annotations

Branches:
Dungeon (6/15)             Temple (1/1) D:5

Altars:
Ashenzari
Cheibriados
Dithmenos
Elyvilon
Fedhas
Kikubaaqudgha
Nemelex Xobeh
Okawaru
Qazlal
Sif Muna
Trog
Vehumet
Xom
Yredelemnul
Zin
The Shining One

Shops:
D:6 (

Annotations:
D:6 Pikel


Innate Abilities, Weirdness & Mutations

You are tiny and cannot use many weapons and most armour.
You have supernaturally acute eyesight.
You are a herbivore.
You cover ground extremely quickly.
You need consume almost no food.


Message History

The slave completely misses you. x2
The helpless Pikel fails to defend himself.
You sock Pikel!
Pikel is heavily wounded.
The slave completely misses you. x2
The helpless Pikel fails to defend himself.
You sock Pikel!
Pikel is severely wounded.
The slave hits you! The slave misses you. The slave barely misses you.
The slave closely misses you.
The helpless Pikel fails to defend himself.
You hit Pikel but do no damage.
Pikel is severely wounded.
The slave completely misses you. The slave barely misses you.
The slave hits you.
* * * LOW HITPOINT WARNING * * *
The slave misses you. The slave completely misses you.
The slave closely misses you. The slave completely misses you.
The slave hits you!
You die...

.......###.......................
....).<.#....._..>..............)
..###............................
..# ##...........................
..# ##)..........................
.####............................
.###.............................
.##.)...........ยง................
.#.............p@p.........<.....
.....>.........pKp...............
.................................
...........<.....?...............
................(..(.............
................(.(..............
................(..........%.....
#........ .....................
###.... ...(................


You could see Pikel (paralysed) and 4 slaves.

Vanquished Creatures
  The ghost of l0ser140 the Transmogrifier, an experienced OpTm (D:6)
  The ghost of Zurvan the Covered, an experienced MiFi of Okawaru (D:4)
  2 orc warriors (D:6)
  2 ice beasts
  A black bear (D:6)
  An ogre (D:6)
  2 giant frogs
  A scorpion (D:6)
  2 hounds (D:5)
  A goliath beetle (D:6)
  Crazy Yiuf (D:2)
  5 worker ants
  3 iguanas
  4 orc wizards
  A sky beast zombie (D:5)
  An ogre skeleton (D:4)
  A hound zombie (D:5)
  6 adders
  3 giant mites
  An orc skeleton (D:4)
  A shadow imp (D:5)
  A worm (D:2)
  A goliath beetle zombie (D:6)
  An adder skeleton (D:4)
  2 giant geckos
  15 orcs
  2 ball pythons
  3 giant cockroaches
  12 hobgoblins
  11 jackals
  3 quokkas
  8 bats
  A giant gecko skeleton (D:4)
  5 giant newts
  A giant newt skeleton (D:5)
  14 goblins
  6 kobolds
  16 rats
143 creatures vanquished.

Vanquished Creatures (collateral kills)
  Sigmund (D:6)
  2 orcs
  2 jackals (D:4)
  A giant gecko (D:4)
  A rat (D:4)
  A rat skeleton (D:4)
8 creatures vanquished.

Vanquished Creatures (others)
  An orc (D:6)
1 creature vanquished.

Grand Total: 152 creatures vanquished

Notes
Turn   | Place    | Note
--------------------------------------------------------------
     0 | D:1      | HiobMontag, the Spriggan Artificer, began the quest for the Orb.
     0 | D:1      | Reached XP level 1. HP: 9/9 MP: 2/2
   533 | D:1      | Reached XP level 2. HP: 14/14 MP: 5/5
   650 | D:1      | Reached skill level 5 in Evocations
  1289 | D:2      | Reached XP level 3. HP: 17/17 MP: 8/8
  1390 | D:2      | Noticed Crazy Yiuf
  1411 | D:2      | Killed Crazy Yiuf
  1411 | D:2      | Reached skill level 1 in Fighting
  1565 | D:2      | Reached XP level 4. HP: 15/22 MP: 11/11
  3085 | D:3      | Noticed an ice beast
  3426 | D:3      | Reached skill level 5 in Dodging
  3537 | D:3      | Killed an ice beast
  3537 | D:3      | Reached XP level 5. HP: 25/25 MP: 14/14
  5366 | D:4      | Reached XP level 6. HP: 30/30 MP: 17/17
  5637 | D:4      | Noticed Zurvan's ghost (experienced MiFi)
  5775 | D:4      | Killed Zurvan's ghost
  5775 | D:4      | Reached skill level 6 in Dodging
  5775 | D:4      | Reached XP level 7. HP: 34/34 MP: 18/20
  7020 | D:4      | Reached skill level 5 in Stealth
  7698 | D:5      | Entered Level 5 of the Dungeon
  7785 | D:5      | Found a staircase to the Ecumenical Temple.
  8170 | D:4      | Reached skill level 5 in Throwing
  8774 | Temple   | Entered the Ecumenical Temple
  8839 | Temple   | Became a worshipper of Qazlal Stormbringer
  9046 | D:5      | Reached XP level 8. HP: 34/39 MP: 21/21
  9402 | D:6      | Found a white marble altar of Elyvilon.
  9482 | D:6      | Reached skill level 1 in Crossbows
  9550 | D:6      | Reached skill level 7 in Dodging
  9738 | D:6      | Acquired Qazlal's first power
  9781 | D:6      | Noticed l0ser140's ghost (experienced OpTm)
 10149 | D:6      | Killed l0ser140's ghost
 10149 | D:6      | Reached skill level 1 in Staves
 10904 | D:6      | Found Arphu's Antique Weapon Shop.
 11065 | D:6      | Noticed Sigmund
 11072 | D:6      | Killed Sigmund
 11089 | D:6      | Reached XP level 9. HP: 43/43 MP: 23/23
 11192 | D:6      | Noticed Pikel
 11205 | D:6      | Slain by a slave

Action                   |  1- 3 |  4- 6 |  7- 9 || total
-------------------------+-------+-------+-------++-------
Melee: Short sword       |    95 |   177 |    97 ||   369
       Quarterstaff      |       |       |   117 ||   117
 Fire: Arbalest          |       |       |    86 ||    86
Throw: Stone             |    10 |   196 |   277 ||   483
       Tomahawk          |       |       |     8 ||     8
Evoke: Wand              |     3 |    22 |    14 ||    39
  Use: Scroll            |     3 |       |     7 ||    10
       Potion            |     2 |     4 |       ||     6
 Stab: Sleeping          |       |     4 |     1 ||     5
       Paralysed         |       |     8 |     4 ||    12
       Petrified         |       |       |     2 ||     2
  Eat: Bread ration      |       |     1 |       ||     1
